AoeStats
← RAE1994

Black Forest

503157917Analyzed
3v3 RM · 1mo ago on Aug 30, 2026· 63m 19s· 6 players
Game mode
Random Map
Map size
Normal (6 player)
Population
200
Speed
Normal
Resources
Standard
Victory
Conquest
Starting age
Dark Age
Ending age
Imperial Age
RankedLock teamsTeams togetherTeam positionsShared explorationLock speedFull tech treeHidden civsTurbo modeCheats
Victory
Defeat
🇺🇸 Khmer · United States
996
+13
🇪🇸 Bohemians · Spain
991
+13
🇺🇸 Persians · United States
934
+15
🇨🇳 Persians · China
940
-14
🇬🇧 Romans · United Kingdom
914
-13
🇻🇪 Chinese · Venezuela
913
-31
socks and crocks
0:34 Loom
13:52 Feudal Age
15:10 Wheelbarrow
15:18 Town Watch
21:35 Castle Age
20:32 Double-Bit Axe
20:40 Gold Mining
22:21 Horse Collar
23:51 Stone Mining
33:58 Imperial Age
32:14 Fletching
34:34 Bloodlines
34:52 Capped Ram
37:23 Husbandry
41:40 Conscription
45:57 Hand Cart
46:09 Bow Saw
46:21 Heavy Plow
47:27 Stone Shaft Mining
47:48 Gold Shaft Mining
47:56 Crop Rotation
49:49 Forging
49:45 Scale Barding Armor
51:58 Iron Casting
51:24 Scale Mail Armor
51:08 Pikeman
scallywag4100
1:28 Loom
14:17 Feudal Age
14:42 Double-Bit Axe
21:45 Castle Age
22:43 Bow Saw
22:21 Horse Collar
26:26 Heavy Plow
26:43 Scale Barding Armor
26:50 Forging
29:18 Wheelbarrow
28:29 Town Watch
28:55 Gold Mining
31:19 Hand Cart
31:35 Bloodlines
36:15 Imperial Age
34:13 Husbandry
34:37 Chain Barding Armor
34:28 Crossbowman
36:01 Cavalier
37:18 Plate Barding Armor
38:09 Iron Casting
38:36 Kamandaran
39:17 Gold Shaft Mining
39:14 Caravan
40:25 Ballistics
40:38 Thumb Ring
41:36 Chemistry
40:42 Savar
48:30 Pikeman
48:55 Gambesons
49:12 Scale Mail Armor
50:13 Blast Furnace
49:06 Fletching
49:17 Padded Archer Armor
49:26 Halberdier
51:17 Chain Mail Armor
56:23 Leather Archer Armor
56:55 Light Cavalry
58:38 Citadels
58:58 Hussar
60:19 Bodkin Arrow
61:14 Ring Archer Armor
TitaN
0:57 Loom
14:03 Feudal Age
20:51 Castle Age
19:02 Double-Bit Axe
25:55 Horse Collar
27:19 Wheelbarrow
28:51 Bow Saw
30:10 Hand Cart
30:33 Heavy Plow
32:03 Chemistry
34:26 Imperial Age
34:07 Chemistry
33:30 Ballistics
35:06 Wagenburg Tactics
34:43 Houfnice
36:44 Two-Man Saw
35:52 Pikeman
36:34 Squires
38:17 Hussite Reforms
37:36 Elite Hussite Wagon
39:41 Atonement
39:55 Fervor
40:10 Sanctity
39:54 Devotion
40:39 Theocracy
40:35 Block Printing
41:29 Forging
41:19 Scale Mail Armor
42:47 Illumination
42:37 Redemption
42:19 Halberdier
43:26 Siege Engineers
44:11 Chain Mail Armor
RAE1994
0:46 Loom
16:47 Feudal Age
19:41 Double-Bit Axe
20:45 Wheelbarrow
23:03 Man-at-Arms
26:25 Castle Age
25:52 Stone Mining
25:52 Gold Mining
25:45 Horse Collar
26:30 Forging
26:21 Scale Mail Armor
30:36 Bow Saw
33:54 Imperial Age
34:42 Ballistas
37:00 Chemistry
39:19 Heavy Scorpion
43:40 Siege Engineers
49:57 Iron Casting
49:37 Chain Mail Armor
48:46 Long Swordsman
50:23 Squires
51:49 Blast Furnace
52:50 Comitatenses
52:29 Legionary
60:52 Fortified Wall
autorepuestosjhomansi
9:33 Feudal Age
12:27 Double-Bit Axe
15:54 Gold Mining
16:40 Horse Collar
18:17 Man-at-Arms
19:12 Stone Mining
20:11 Wheelbarrow
23:38 Castle Age
22:28 Town Watch
26:26 Hand Cart
25:40 Pikeman
25:43 Long Swordsman
27:14 Gold Shaft Mining
27:56 Bow Saw
27:49 Heavy Plow
27:27 Crossbowman
28:13 Thumb Ring
28:56 Town Patrol
30:32 Stone Shaft Mining
36:14 Imperial Age
34:16 Ballistics
34:11 Padded Archer Armor
34:12 Scale Mail Armor
34:05 Fletching
35:34 Leather Archer Armor
35:30 Forging
35:26 Scale Barding Armor
35:17 Heated Shot
35:34 Siphons
35:45 Masonry
35:32 Murder Holes
35:49 Fortified Wall
35:40 Loom
36:43 Bodkin Arrow
37:04 Chain Mail Armor
38:09 Conscription
38:32 Iron Casting
38:16 Great Wall
39:24 Two-Man Saw
39:28 Two-Handed Swordsman
39:33 Arbalester
40:19 Caravan
41:53 Coinage
43:04 Elite Fire Lancer
44:58 Elite Chu Ko Nu
1627684093
0:44 Loom
17:25 Feudal Age
18:02 Horse Collar
18:12 Double-Bit Axe
25:34 Castle Age
26:34 Heavy Plow
27:03 Bow Saw
27:07 Town Watch
28:22 Wheelbarrow
27:33 Town Watch
35:45 Imperial Age
33:30 Hand Cart
36:08 Masonry
36:28 Hand Cart
36:14 Town Patrol
38:00 Gold Mining
38:00 Stone Mining
38:22 Scale Barding Armor
38:28 Forging
39:49 Gold Shaft Mining
39:50 Stone Shaft Mining
40:20 Chain Barding Armor
40:36 Iron Casting
39:36 Elite War Elephant
45:31 Plate Barding Armor
45:57 Blast Furnace
46:47 Chemistry
46:17 Architecture
47:06 Scale Mail Armor
47:09 Devotion
Connection lost

Rejoining the realm…

Still unreachable

The connection could not be restored.

Session expired

The server has moved on; the page needs a fresh start.